[Event "Late-Titled-Tuesday-Blitz-January-30-2024"]
[Site "Chess.com"]
[Date "2024.01.30"]
[Round "2"]
[White "jmpion"]
[Black "Kostukov_Alex"]
[Result "1-0"]
[WhiteElo "2531"]
[BlackElo "2298"]
[TimeControl "180+1"]
[EndTime "14:17:42 PST"]
[Termination "jmpion won on time"]

1. e4 c5 2. Nf3 g6 3. d4 cxd4 4. Nxd4 Bg7 5. c4 Nc6 6. Be3 Nf6 7. Nc3 Nxd4 8. Bxd4 Qa5 9. Be2 O-O 10. O-O d6 11. f4 Rd8 12. f5 Bd7 13. Qd3 Bc6 14.
Nd5 Bxd5 15. exd5 Nd7 16. fxg6 Bxd4+ 17. Qxd4 hxg6 18. Kh1 Ne5 19. Rf4 Qb6 20. Qd2 Kg7 21. Raf1 Rh8 22. Qc3 f6 23. b4 Rac8 24. Bg4 Rcf8 25.
Be6 Rh5 26. c5 Qc7 27. Qd4 Rfh8 28. h3 Rg5 29. Rc1 b6 30. c6 Rhh5 31. Re1 a5 32. bxa5 bxa5 33. Rb1 Rh8 34. Rb7 Qd8 35. Qa7 Re8 36. c7 1-0

[Event "Late-Titled-Tuesday-Blitz-January-30-2024"]
[Site "Chess.com"]
[Date "2024.01.30"]
[Round "2"]
[White "Jospem"]
[Black "jinbojinbo"]
[Result "1-0"]
[WhiteElo "3071"]
[BlackElo "2651"]
[TimeControl "180+1"]
[EndTime "14:17:44 PST"]
[Termination "Jospem won by checkmate"]

1. e4 c5 2. Nf3 d6 3. c3 Nf6 4. h3 g6 5. Bd3 Bg7 6. Bc2 e5 7. d3 O-O 8. Bg5 Be6 9. O-O h6 10. Bxf6 Bxf6 11. Nbd2 Nc6 12. Bb3 d5 13. Re1 Bg7 14. a3 b6 15. Ba4 Rc8 16. Qe2 a6 17.
exd5 Bxd5 18. Ne4 Re8 19. Rad1 Kh8 20. Ng3 b5 21. Bc2 f5 22. Nf1 Qf6 23. a4 g5 24.
N3d2 Ne7 25. axb5 axb5 26. Ra1 Ng6 27. g3 Bb7 28. f3 Qc6 29. Qf2 h5 30. Ne3 f4 31.
Nf5 fxg3 32. Qxg3 Nf4 33. Ne4 Rg8 34. Ne7 Qe6 35. Nxc8 Bxc8 36. Nf2 Qc6 37. Re4 Bf5 38. Kh2 Bxe4 39. Nxe4 Qc8 40. Nxg5 Qf5 41. Ra7 Ne2 42. Qh4 Qf4+ 43. Qxf4 exf4 44. Nf7+ Kh7 45. d4# 1-0

[Event "Late-Titled-Tuesday-Blitz-January-30-2024"]
[Site "Chess.com"]
[Date "2024.01.30"]
[Round "2"]
[White "Sl4werThanYou"]
[Black "jefferyx"]
[Result "0-1"]
[WhiteElo "2624"]
[BlackElo "3022"]
[TimeControl "180+1"]
[EndTime "14:17:44 PST"]
[Termination "jefferyx won on time"]

1. d4 Nf6 2. c4 e6 3. Nf3 d5 4. cxd5 exd5 5. Qc2 c6 6. Bg5 Be7 7. e3 a5 8. Nc3 Na6 9. a3 Nc7 10. Bd3 Ne6 11. Bh4 h6 12. O-O O-O 13. Rad1 Ne8 14. Bg3 Nd6 15. Ne5 Bd7 16. f4 Be8 17. Qe2 f5 18.
Kh1 b5 19. Rc1 Rc8 20. Bf2 Nc4 21. Bxc4 bxc4 22. Rg1 Bd6 23. g4 Bxe5 24. gxf5 Nxd4 25. exd4 Bf6 26. Na4 Bd7 27. Qh5 Qe8 28. Qg6 Qe4+ 29.
Rg2 Bxf5 30. Qg3 Qd3 31. Kg1 Be4 32. Nc5 Qd2 33. Rf1 Bxg2 34. Qxg2 Bxd4 35. Kh1 Rxf4 36. Ne6 Rxf2 37. Rxf2 Qxf2 0-1

[Event "Late-Titled-Tuesday-Blitz-January-30-2024"]
[Site "Chess.com"]
[Date "2024.01.30"]
[Round "2"]
[White "TheMagician"]
[Black "noblerone"]
[Result "1-0"]
[WhiteElo "2204"]
[BlackElo "2473"]
[TimeControl "180+1"]
[EndTime "14:17:44 PST"]
[Termination "TheMagician won by resignation"]

1. e4 c5 2. Nf3 e6 3. d4 cxd4 4. Nxd4 Qb6 5. Nb3 Qc7 6. g3 Nc6 7. Bg2 Nf6 8. O-O a6 9. Re1 d6 10. c4 Be7 11. Nc3 O-O 12. Bf4 h6 13. Rc1 e5 14. Be3 Bg4 15. f3 Be6 16. Nd5 Qd8 17.
Bb6 Qd7 18. Bf2 Rab8 19. Nb6 Qd8 20. Rc2 Nd7 21. Nd5 Bxd5 22. cxd5 Nb4 23. Rc4 a5 24. a3 Na6 25. Qd2 b6 26. Rc6 Nac5 27. Nxc5 bxc5 28. Bf1 Rb3 29. Be2 Nb8 30. Bc4 Rxf3 31.
Kg2 Rf6 32. Re2 Nxc6 33. dxc6 Qb6 34. Bd5 Bd8 35. b4 axb4 36. axb4 Rxf2+ 37. Rxf2 cxb4 38. Qa2 Qc7 39. Qa4 Bg5 40. Qxb4 Be3 41. Rf3 Bc5 42. Qb7 Qd8 43. Rxf7 Rxf7 44. Qxf7+ Kh8 45. c7 Qc8 46.
Be6 Qxc7 1-0

[Event "Late-Titled-Tuesday-Blitz-January-30-2024"]
[Site "Chess.com"]
[Date "2024.01.30"]
[Round "2"]
[White "Kiborg95"]
[Black "Mazetovic"]
[Result "0-1"]
[WhiteElo "2850"]
[BlackElo "2600"]
[TimeControl "180+1"]
[EndTime "14:17:46 PST"]
[Termination "Mazetovic won by resignation"]

1. e4 c5 2. Nc3 Nc6 3. Nge2 g6 4. d4 cxd4 5. Nxd4 Bg7 6. Be3 Nf6 7. Bc4 Qa5 8. O-O O-O 9. Bb3 d6 10. h3 Bd7 11. Re1 Rfc8 12. Nf3 Qh5 13. Ng5 Ne5 14. f4 Qxd1 15. Raxd1 Nc4 16. Bxc4 Rxc4 17. e5 Nh5 18. Nd5 e6 19. Ne7+ Kf8 20. exd6 h6 21. Nh7+ Ke8 22. c3 Nxf4 23. Rf1 g5 24. Kh2 Re4 25. Bd4 e5 26. Bf2 Re2 27. g3 Nxh3 28. Kg2 Rxb2 29. Nd5 Nxf2 30. Rxf2 Rxf2+ 31. Kxf2 Rc8 32. Nhf6+ Kd8 33.
Ke3 Be6 34. Ke4 Rc4+ 35. Kxe5 Ra4 36. Rd4 Rxa2 37. Rc4 Re2+ 38. Kd4 Bxd5 39. Kxd5 Bxf6 40. Rb4 Re5+ 41. Kc4 Re4+ 42. Kb3 Rxb4+ 0-1

[Event "Late-Titled-Tuesday-Blitz-January-30-2024"]
[Site "Chess.com"]
[Date "2024.01.30"]
[Round "2"]
[White "azikom"]
[Black "Balla_Tamas"]
[Result "1-0"]
[WhiteElo "2728"]
[BlackElo "2406"]
[TimeControl "180+1"]
[EndTime "14:17:46 PST"]
[Termination "azikom won on time"]

1. c4 c5 2. Nc3 Nc6 3. g3 g6 4. Bg2 Bg7 5. h4 h6 6. d3 e6 7. h5 g5 8. f4 gxf4 9. Bxf4 d5 10.
cxd5 Bxc3+ 11. bxc3 exd5 12. Qd2 Be6 13. Nf3 d4 14. Rb1 Nge7 15. c4 Qd7 16. Bxh6 Nf5 17. Bf4 O-O-O 18. Ng5 Rhe8 19. Ne4 Qe7 20. h6 Ne3 21.
Bxe3 dxe3 22. Qxe3 Nd4 23. Kf2 Bd7 24. h7 f5 25. Qg5 Qe5 26. Qf6 Qxf6 27. Nxf6 Rxe2+ 28. Kf1 Rxg2 29. h8=Q Bc6 30. Nd5 Rxa2 31. Qe5 Bxd5 32. cxd5 Nf3 33. Qe6+ Kb8 34. Rd1 Ng5 35. Qe5+ Ka8 36.
Rh8 1-0

[Event "Late-Titled-Tuesday-Blitz-January-30-2024"]
[Site "Chess.com"]
[Date "2024.01.30"]
[Round "2"]
[White "joksijoksi"]
[Black "Walter_White_Poland"]
[Result "1-0"]
[WhiteElo "2528"]
[BlackElo "2297"]
[TimeControl "180+1"]
[EndTime "14:17:48 PST"]
[Termination "joksijoksi won on time"]

1. e4 e6 2. d4 d5 3. Nd2 c5 4.
exd5 Qxd5 5. Ngf3 cxd4 6. Bc4 Qd6 7. O-O Nf6 8. Qe2 Nc6 9. Rd1 e5 10. Nb3 Bg4 11. h3 Bxf3 12. Qxf3 Be7 13. c3 O-O 14.
cxd4 e4 15. Qf5 g6 16. Qg5 h5 17. Qxg6+ Kh8 18. Bxf7 Nh7 19. Qxh5 Qf6 20. Bg6 Qxf2+ 21. Kh1 Qh4 22. Qxh4 Bxh4 23. Bxe4 Rae8 24. Bxc6 bxc6 25. Bd2 Re2 26. Rf1 Rg8 27. Bc3 Rgxg2 28. d5+ Nf6 29. Bxf6+ Bxf6 30. Rxf6 Rh2+ 31. Kg1 Reg2+ 32. Kf1 Rxb2 33. Rg6 cxd5 34. Nd4 Rxh3 35. Ne2 Rh2 36. Re1 Rxa2 37. Rd6 1-0

[Event "Late-Titled-Tuesday-Blitz-January-30-2024"]
[Site "Chess.com"]
[Date "2024.01.30"]
[Round "2"]
[White "GMBenjaminBok"]
[Black "wadsy27"]
[Result "1/2-1/2"]
[WhiteElo "2933"]
[BlackElo "2615"]
[TimeControl "180+1"]
[EndTime "14:17:49 PST"]
[Termination "Game drawn by repetition"]

1. d4 d5 2. c4 c6 3. Nf3 Nf6 4. cxd5 cxd5 5. Nc3 Nc6 6. Bf4 a6 7. Rc1 Bf5 8. e3 e6 9. Qb3 Bb4 10. Be2 Ne4 11. O-O Bxc3 12. bxc3 b5 13. h3 O-O 14. a4 g5 15. Bh2 f6 16. axb5 Na5 17. Qb4 axb5 18. Bxb5 Rf7 19. Ra1 g4 20. Nh4 gxh3 21.
Ra4 Nc4 22. Rfa1 Rxa4 23. Rxa4 hxg2 24. Bxc4 dxc4 25. Qxc4 Bh3 26. Qc6 Qd5 27. Ra8+ Kg7 28. Qe8 Qc4 29. Qg8+ Kh6 30. Bf4+ Ng5 31. Nxg2 Bxg2 32.
Bxg5+ fxg5 33. Kxg2 Qd5+ 34. Kg1 Qf3 35. Ra2 Qg4+ 36.
Kf1 Qd1+ 37. Kg2 Qg4+ 38. Kf1 Qd1+ 39. Kg2 Qg4+ 40. Kh2 Qh4+ 41. Kg1 Qg4+ 42. Kf1 1/2-1/2

[Event "Late-Titled-Tuesday-Blitz-January-30-2024"]
[Site "Chess.com"]
[Date "2024.01.30"]
[Round "2"]
[White "KaydenTroffChess"]
[Black "Russian_berezka"]
[Result "1-0"]
[WhiteElo "2851"]
[BlackElo "2568"]
[TimeControl "180+1"]
[EndTime "14:17:50 PST"]
[Termination "KaydenTroffChess won by resignation"]

1. d4 g6 2. Nf3 Bg7 3. Bg5 c5 4. e3 cxd4 5. exd4 d5 6. Nbd2 Nc6 7. c3 Nf6 8. Bd3 O-O 9. O-O Bg4 10. Re1 h6 11.
Bh4 Qd7 12. h3 Bf5 13. Qc2 Bxd3 14. Qxd3 Qf5 15. Qxf5 gxf5 16. Ne5 Rfc8 17. Nxc6 bxc6 18. Rxe7 Ne4 19. Nb3 a5 20. f3 a4 21. fxe4 axb3 22. exd5 cxd5 23. a3 Re8 24. Rae1 Kf8 25. Kf2 h5 26.
Rb7 Rxe1 27. Kxe1 Re8+ 28. Kf1 Bh6 29. Rxb3 Re4 30. Bf6 Kg8 31. Rb8+ Kh7 32. a4 Bd2 33. a5 Be1 34. g3 Bxg3 35. Rh8+ Kg6 36. Rg8+ Kxf6 37. Rxg3 f4 38. Rg2 Re6 39. b4 Kf5 40. Ra2 f3 41. a6 Kf4 42. a7 Kg3 43. a8=Q f5 44. Qg8+ Kf4 45. Qxe6 1-0

[Event "Late-Titled-Tuesday-Blitz-January-30-2024"]
[Site "Chess.com"]
[Date "2024.01.30"]
[Round "2"]
[White "chucksterf10"]
[Black "crescentmoon2411"]
[Result "0-1"]
[WhiteElo "2621"]
[BlackElo "3014"]
[TimeControl "180+1"]
[EndTime "14:17:51 PST"]
[Termination "crescentmoon2411 won by checkmate"]

1. d4 Nf6 2. c4 e6 3. g3 d5 4.
Bg2 Bb4+ 5. Nd2 O-O 6. Nf3 dxc4 7.
O-O b5 8. a4 c6 9. b3 c3 10. Nb1 Bb7 11. Qc2 c5 12. Nxc3 bxa4 13. Rxa4 a5 14. Rd1 Qb6 15. Be3 Na6 16. Na2 Rfc8 17.
Nxb4 Nxb4 18. Qb2 Qd8 19. Raa1 c4 20. bxc4 Rxc4 21. Qb3 Rac8 22. Bd2 h6 23. e3 Bd5 24. Qb1 Be4 25. Qb3 Qd5 26. Ne1 Bxg2 27. Nxg2 Ne4 28. Nf4 Qb7 29. Be1 Ng5 30. d5 e5 31. Ne2 Qd7 32.
h4 Nf3+ 33. Kg2 Nxe1+ 34. Rxe1 Qxd5+ 35. Kg1 Nc2 36. Red1 Qf3 37. Qd3 Nxa1 38. Rxa1 e4 39. Qd1 Rc2 40. Kf1 Rxe2 41. Qxe2 Qh1# 0-1

[Event "Late-Titled-Tuesday-Blitz-January-30-2024"]
[Site "Chess.com"]
[Date "2024.01.30"]
[Round "2"]
[White "Mikhail_Bryakin"]
[Black "arenal72"]
[Result "1-0"]
[WhiteElo "2821"]
[BlackElo "2559"]
[TimeControl "180+1"]
[EndTime "14:17:51 PST"]
[Termination "Mikhail_Bryakin won by resignation"]

1. e4 Nc6 2. Nf3 d6 3. d4 Nf6 4. Nc3 g6 5. h3 Bg7 6. Be2 O-O 7. O-O e5 8. dxe5 Nxe5 9. Bf4 Nxf3+ 10. Bxf3 Qe7 11.
Re1 Be6 12. Qd2 Nd7 13. Rad1 Rfe8 14. Nd5 Bxd5 15. exd5 Qf6 16. c3 Ne5 17. Be2 a6 18. a4 Qf5 19. Bg3 h5 20. Qf4 Qxf4 21. Bxf4 Nd7 22. a5 Re4 23. Be3 Rae8 24. Bd3 R4e7 25. Bd2 Rxe1+ 26. Rxe1 Rxe1+ 27. Bxe1 f5 28. b4 Kf7 29.
Kf1 Nf6 30. Bc4 Ke7 31. f3 Kd7 32. Ke2 Kc8 33. Bb3 Nd7 34. Kd3 Ne5+ 35. Kc2 Bh6 36. c4 Be3 37. Bc3 Kd7 38. c5 Nf7 39. Ba4+ Kc8 40.
c6 Nd8 41. cxb7+ Kxb7 42. Be8 g5 43. Bxh5 c6 44. Kd3 Bf4 45. Kc4 cxd5+ 46. Kxd5 Nc6 47.
Be8 Ne5 48. b5 axb5 49. Bxb5 Ng6 50. a6+ Ka7 51. Bd4+ Kb8 52. a7+ 1-0

[Event "Late-Titled-Tuesday-Blitz-January-30-2024"]
[Site "Chess.com"]
[Date "2024.01.30"]
[Round "2"]
[White "TanitoluwaAps116"]
[Black "cristiano78"]
[Result "1-0"]
[WhiteElo "2705"]
[BlackElo "2305"]
[TimeControl "180+1"]
[EndTime "14:17:51 PST"]
[Termination "TanitoluwaAps116 won by resignation"]

1. e4 c5 2. Nf3 d6 3. Bb5+ Bd7 4.
Bxd7+ Qxd7 5. O-O Nc6 6. c3 e5 7. d4 Nf6 8. dxe5 dxe5 9. Qe2 Be7 10. Bg5 h6 11. Rd1 Qc7 12. Bxf6 Bxf6 13. Na3 a6 14. Nc4 O-O 15. Ne3 Ne7 16. Nd5 Nxd5 17. Rxd5 Rad8 18. Rad1 Rxd5 19. Rxd5 Rd8 20. Rxd8+ Qxd8 21. Qd2 Qxd2 22. Nxd2 b5 23. Nb3 Be7 24. c4 b4 25. f3 g6 26.
Kf2 f5 27. Ke3 Kf7 28. Kd3 Ke6 29. Na5 Kd7 30. Kc2 Bd8 31. Nb3 Kc6 32. Nc1 a5 33. Kb3 Kb6 34. Ka4 Bg5 35. Nb3 Be3 36. Nxa5 Bc1 37. Nb3 Bxb2 38. g4 fxe4 39. fxe4 h5 40.
h3 hxg4 41. hxg4 Bc3 42. Nc1 Bd2 43. Nd3 Bf4 44. Kb3 Kc6 45. Ka4 g5 46. Ka5 Bh2 47. Ka6 Bg3 48. Ka7 Bf4 49. Kb8 Kd6 50. Kb7 Be3 51.
Kb6 Bd4 52. Ne1 Be3 53. Kb5 Bf4 54. Nf3 Be3 55. Ne1 Bf4 56. Nc2 Bd2 57. Na1 Bc3 58. Nb3 Bd4 59. Na5 Be3 60. Nb7+ Ke6 61. Nxc5+ Kf6 62. Nd3 Bd4 63. Nxb4 1-0

[Event "Late-Titled-Tuesday-Blitz-January-30-2024"]
[Site "Chess.com"]
[Date "2024.01.30"]
[Round "2"]
[White "FrankDux44"]
[Black "GoltsevDmitry2000"]
[Result "0-1"]
[WhiteElo "2560"]
[BlackElo "2822"]
[TimeControl "180+1"]
[EndTime "14:17:55 PST"]
[Termination "GoltsevDmitry2000 won by resignation"]

1. e4 e6 2. d4 d5 3. exd5 exd5 4.
Nf3 Nf6 5. Bd3 c5 6. O-O Be7 7.
Re1 O-O 8. h3 Nc6 9. c3 a6 10.
Be3 Ne4 11. Nbd2 f5 12. dxc5 Nxc5 13. Bxc5 Bxc5 14. Nb3 Bb6 15. Nbd4 Qf6 16. Bc2 Bd7 17. Qd2 Rad8 18. Re2 Rfe8 19. Rae1 Re4 20. Bb3 Bc8 21. Rxe4 fxe4 22. Rxe4 Na5 23. Bxd5+ Kh8 24. Ng5 Rf8 25. Nf7+ Rxf7 26. Bxf7 Qxf7 27. Qf4 Qg8 28. Qd6 Nc4 29. Qe7 h6 30. Rf4 Bd8 31. Qc5 Bf6 32. b3 Ne5 33. Qc7 b5 34. Nf3 Nxf3+ 35. Rxf3 Be6 36. Qc6 Bd5 37.
Qxa6 Bxf3 38. gxf3 Qd5 39. Qc8+ Kh7 40. Kg2 Qg5+ 41.
Kf1 Qc1+ 42. Kg2 Qxc3 43. Qf5+ g6 44. Qxb5 Bg7 45. a4 Qe5 46. Qxe5 Bxe5 47. b4 Bc3 48. b5 Ba5 49. f4 Kg7 50. Kf3 Kf6 51. Ke4 Ke6 52.
h4 Bb6 53. h5 gxh5 54. f5+ Kf6 55. Kd5 Kxf5 56. Kc6 Bxf2 57. a5 h4 58. b6 h3 59. b7 Bg3 60. a6 h2 0-1

[Event "Late-Titled-Tuesday-Blitz-January-30-2024"]
[Site "Chess.com"]
[Date "2024.01.30"]
[Round "2"]
[White "kikoveiga"]
[Black "Nemsko"]
[Result "0-1"]
[WhiteElo "2529"]
[BlackElo "2360"]
[TimeControl "180+1"]
[EndTime "14:17:56 PST"]
[Termination "Nemsko won by resignation"]

1. c4 e5 2. a3 Nf6 3. Nc3 d5 4. cxd5 Nxd5 5. Nf3 Nc6 6. Qc2 Be6 7. e4 Nb6 8. Bb5 Bd6 9. d4 exd4 10. Nxd4 Bd7 11.
Be3 Nxd4 12. Bxd4 O-O 13. Bd3 g6 14. h4 c5 15. Be3 Re8 16. O-O-O Qe7 17. h5 Be6 18.
Kb1 Be5 19. f4 Bg7 20. f5 gxf5 21. exf5 Ba2+ 22. Kxa2 Qxe3 23. h6 Bf6 24. Ne4 Qd4 25. Nxf6+ Qxf6 26. g4 c4 27. Be4 Qe5 28. Rde1 c3 29.
f6 Qxf6 30. Bxh7+ Kh8 31. g5 Qd4 32. Be4 Na4 33. b3 Nc5 34. Bf5 Qd2 35. Rxe8+ Rxe8 36. Rh2 Qd4 37. Rh3 Re3 38. Rxe3 Qxe3 39. g6 fxg6 40.
Bxg6 Qd2 41. b4 Ne6 42. Kb3 Nd4+ 43. Kc4 Nxc2 44. Bxc2 Qxc2 0-1

[Event "Late-Titled-Tuesday-Blitz-January-30-2024"]
[Site "Chess.com"]
[Date "2024.01.30"]
[Round "2"]
[White "toninhojit"]
[Black "PetrolulSah"]
[Result "1-0"]
[WhiteElo "2496"]
[BlackElo "2207"]
[TimeControl "180+1"]
[EndTime "14:17:57 PST"]
[Termination "toninhojit won on time"]

1. d4 d5 2. c4 c6 3. Nf3 Nf6 4. e3 e6 5. Qc2 Be7 6. Bd3 O-O 7. b3 b6 8. Bb2 Bb7 9. O-O Nbd7 10. Nbd2 a5 11. a3 Rc8 12. Rad1 c5 13. Qb1 cxd4 14. exd4 dxc4 15. bxc4 Re8 16. Ne5 h6 17.
Ndf3 Nh5 18. Bh7+ Kf8 19. Nxf7 Kxf7 20. Bg6+ Kg8 21. Bxh5 Rf8 22. Qd3 Nf6 23. Bg6 Bxf3 24. gxf3 Qc7 25. Rc1 Qf4 26. Qe3 Qd6 27. Rfe1 Nd7 28.
Qxe6+ Qxe6 29. Rxe6 Bg5 30. Rc3 Rf4 31. Be4 Nf6 32. c5 Nxe4 33. Rxe4 Rxe4 34. fxe4 bxc5 35. Rxc5 Re8 36. e5 Rb8 37. Bc3 Rb3 38. Bxa5 Rxa3 39. Bc3 Be7 40. Rc8+ Kf7 41. d5 Ra2 42. e6+ Kg6 43.
Rc7 Bh4 44. Rxg7+ Kh5 45. Bd4 Rd2 46. Be3 Rxd5 47. Rh7 Bg5 48. Bxg5 Rxg5+ 49. Kf1 1-0

[Event "Late-Titled-Tuesday-Blitz-January-30-2024"]
[Site "Chess.com"]
[Date "2024.01.30"]
[Round "2"]
[White "YurasovMat-2012"]
[Black "lachesisQ"]
[Result "0-1"]
[WhiteElo "2672"]
[BlackElo "3111"]
[TimeControl "180+1"]
[EndTime "14:17:58 PST"]
[Termination "lachesisQ won on time"]

1. e4 c5 2. Nf3 e6 3. d3 Nc6 4.
Nbd2 g6 5. g3 Bg7 6. Bg2 Nge7 7.
O-O O-O 8. Re1 d6 9. c3 h6 10. a3 b6 11. Nf1 Kh7 12. Be3 Bb7 13. Qc2 d5 14. exd5 Nxd5 15. Bd2 Qc7 16. Rad1 Rad8 17. Ne3 Nxe3 18. Bxe3 e5 19. Nd2 f5 20. f4 exf4 21. Bxf4 Qd7 22. Nc4 Na5 23. Nxa5 bxa5 24. Be5 Bxg2 25. Qxg2 Rde8 26. d4 Bxe5 27. dxe5 Qf7 28.
Qf2 c4 29. e6 Rxe6 30. Rxe6 Qxe6 31. Qxa7+ Rf7 32. Qf2 h5 33. Qf1 f4 34. Re1 Qb6+ 35. Qf2 Qc7 36. Re2 Qd7 37. Rd2 fxg3 38. hxg3 Qe6 39.
Qe2 Qh3 40. Qg2 Qf5 41. Qe2 Qg5 42. Qg2 a4 43. Re2 Qf5 44. Kh2 Qc5 45. Rd2 Kg7 46. Rd5 Qe3 47. Rd2 h4 48. gxh4 Qf4+ 49. Kh3 Re7 50. Qf2 Re3+ 51. Kg2 Qg4+ 52. Kh1 Rh3+ 0-1

[Event "Late-Titled-Tuesday-Blitz-January-30-2024"]
[Site "Chess.com"]
[Date "2024.01.30"]
[Round "2"]
[White "tusplingher"]
[Black "LUISMIGUELOV"]
[Result "1-0"]
[WhiteElo "2489"]
[BlackElo "2178"]
[TimeControl "180+1"]
[EndTime "14:17:58 PST"]
[Termination "tusplingher won on time"]

1. e4 c6 2. Nf3 d5 3. exd5 cxd5 4. Ne5 Nc6 5. d4 Nf6 6. Bb5 Bd7 7. Nxd7 Qxd7 8. c3 e6 9. O-O Bd6 10. Nd2 a6 11. Bd3 b5 12. Re1 O-O 13. Nf1 b4 14.
Bg5 bxc3 15. Bxf6 gxf6 16. Qg4+ Kh8 17. bxc3 f5 18. Qh3 Rg8 19. Rab1 Rg6 20. g3 Rag8 21.
Bxa6 f4 22. Rb7 Bc7 23. Bd3 fxg3 24. hxg3 f5 25. Reb1 Qg7 26. Ba6 Rh6 27. Qg2 f4 28. R1b6 fxg3 29. fxg3 Nd8 30. Ra7 Bxb6 31. Rxg7 Rxg7 32.
Qf3 Kg8 33. Be2 Bc7 34. c4 dxc4 35. Bxc4 Rhg6 36. Kg2 Bxg3 37. Nxg3 Rxg3+ 38. Qxg3 Rxg3+ 39. Kxg3 Kf7 40. a4 Nb7 41. d5 Na5 42. dxe6+ Ke7 43. Bd5 Kd6 44. Kh4 Ke7 45. Kh5 1-0

[Event "Late-Titled-Tuesday-Blitz-January-30-2024"]
[Site "Chess.com"]
[Date "2024.01.30"]
[Round "2"]
[White "Genghis_K"]
[Black "GlavkonVVS"]
[Result "1-0"]
[WhiteElo "2842"]
[BlackElo "2564"]
[TimeControl "180+1"]
[EndTime "14:18:00 PST"]
[Termination "Genghis_K won by resignation"]

1. e4 Nf6 2. e5 Nd5 3. d4 d6 4. Nf3 Bg4 5. Be2 e6 6. h3 Bh5 7. c4 Nb6 8. exd6 cxd6 9. Nc3 Be7 10. d5 e5 11. g4 Bg6 12. h4 h5 13. g5 N8d7 14.
Be3 Rc8 15. b3 Nc5 16. Bxc5 Rxc5 17. Bd3 O-O 18. Qc2 Nd7 19. Nd2 Qe8 20. O-O-O a6 21. Kb1 b5 22. Bxg6 fxg6 23. Nde4 Rc8 24. cxb5 axb5 25. Qe2 b4 26. Nb5 Rc5 27. Nbxd6 Bxd6 28.
Nxd6 Qb8 29. Ne4 Ra5 30. d6 Rf4 31. f3 Qf8 32. Rd3 Qf5 33. Rc1 Rxh4 34. Qd2 Rh3 35. Qxb4 Ra8 36. Qb7 Rb8 37. Qd5+ Kh7 38. Rdc3 Rb4 39.
Rc8 Nf8 40. d7 Rd4 41. Qxd4 exd4 42. d8=Q Rxf3 43. Qe7 Rf4 44. Rxf8 Qxf8 45. Nf6+ Rxf6 46.
gxf6 Qxf6 47. Qxf6 gxf6 48. b4 d3 49. b5 1-0

[Event "Late-Titled-Tuesday-Blitz-January-30-2024"]
[Site "Chess.com"]
[Date "2024.01.30"]
[Round "2"]
[White "betta2004"]
[Black "Arlo2024"]
[Result "0-1"]
[WhiteElo "2499"]
[BlackElo "2275"]
[TimeControl "180+1"]
[EndTime "14:18:00 PST"]
[Termination "Arlo2024 won by resignation"]

1. d4 Nf6 2. Nc3 d5 3. Bf4 a6 4. e3 b5 5. Nf3 Bb7 6. Ne5 e6 7.
Bd3 c5 8. dxc5 Bxc5 9. O-O Nc6 10. a4 b4 11. Ne2 Nxe5 12. Bxe5 Bd6 13. Bg3 a5 14.
Bb5+ Ke7 15. Qd3 Bxg3 16. Nxg3 Qb6 17. Rac1 Rhc8 18. h3 Ba6 19. Bxa6 Qxa6 20. Qd4 Qa7 21. Qh4 Qc7 22. Nh5 Qe5 23. Nxf6 gxf6 24. Qxh7 Qxb2 25.
Qd3 Rc4 26. g3 Rac8 27. h4 Qc3 28. Qe2 Qe5 29. Kg2 Rg8 30. Qf3 Rxh4 31. Rh1 Rc4 32.
Rh7 Qe4 33. Qxe4 Rxe4 34. c3 Rc4 35. Kf3 Rgc8 36. Ke2 Rxc3 37. Rch1 Ra3 38. Rg7 Rxa4 39. Rhh7 Rf8 40. Kd3 Ra2 41. f4 a4 42. g4 a3 43. g5 fxg5 44. fxg5 Rg2 45. g6 Rf2 46. e4 dxe4+ 47. Kxe4 a2 48. Ke3 Rf5 49. gxf7 R5xf7 50. Rxf7+ Rxf7 51. Rh1 b3 0-1

[Event "Late-Titled-Tuesday-Blitz-January-30-2024"]
[Site "Chess.com"]
[Date "2024.01.30"]
[Round "2"]
[White "BilodeauA"]
[Black "SaqoChess_Twitch"]
[Result "1-0"]
[WhiteElo "3022"]
[BlackElo "2625"]
[TimeControl "180+1"]
[EndTime "14:18:01 PST"]
[Termination "BilodeauA won by checkmate"]

1. e4 c5 2. Nf3 d6 3. d4 cxd4 4. Nxd4 Nf6 5. Nc3 g6 6. Be2 Bg7 7. Be3 O-O 8. O-O Nc6 9. Nb3 d5 10. exd5 Nb4 11. Bf3 Bf5 12. Rc1 Rc8 13. a3 Rxc3 14.
axb4 Bxc2 15. Rxc2 Rxb3 16. Rc8 Qxc8 17. Qxb3 Qb8 18.
Ra1 a6 19. b5 axb5 20. Qxb5 Rc8 21.
g3 h5 22. Bf4 Rc7 23. Qb6 Ne8 24. Bxc7 Nxc7 25. Ra7 Qc8 26. Qxb7 Qf5 27. Kg2 h4 28. h3 Be5 29. d6 Bxd6 30. Qe4 Qf6 31. Rb7 hxg3 32. fxg3 Qg5 33. Qe1 Ne6 34. h4 Qf5 35.
Qe4 Qa5 36. Rb3 Qd2+ 37. Qe2 Qc1 38. Rd3 g5 39. Rd1 Qc5 40. Bd5 Nd4 41. Qe4 Nc2 42. Qg6+ Kh8 43. Qh5+ Kg7 44. Qxf7+ Kh6 45. hxg5+ Kxg5 46. Qg7+ Kf5 47. Rf1+ Qf2+ 48. Rxf2+ Bf4 49. Rxf4# 1-0

[Event "Late-Titled-Tuesday-Blitz-January-30-2024"]
[Site "Chess.com"]
[Date "2024.01.30"]
[Round "2"]
[White "Sanyura"]
[Black "sari07"]
[Result "1-0"]
[WhiteElo "2659"]
[BlackElo "2402"]
[TimeControl "180+1"]
[EndTime "14:18:01 PST"]
[Termination "Sanyura won on time"]

1. e4 e5 2. Bc4 Nf6 3. Nf3 Nc6 4. d3 h6 5. O-O d6 6. c3 g6 7. b4 Bg7 8. a4 a6 9. h3 O-O 10. Be3 d5 11. exd5 Nxd5 12. Bc5 Re8 13. Re1 b6 14. Qb3 Be6 15. Be3 Nxe3 16. Bxe6 Rxe6 17. Rxe3 Rd6 18. Qc4 b5 19. axb5 axb5 20. Rxa8 bxc4 21. Rxd8+ Rxd8 22. dxc4 Rd1+ 23. Re1 Rxe1+ 24. Nxe1 e4 25. Nc2 f5 26. Kf1 Ne5 27. c5 Kf7 28. Ke2 Ke6 29. Nba3 Kd5 30. Ne3+ Kc6 31. Nac2 Nd3 32. Nd1 f4 33. f3 Kd5 34. fxe4+ Kxe4 35. Ne1 Nxe1 36. Kxe1 Kd3 37. b5 Kc4 38. b6 cxb6 39. cxb6 Kc5 40. b7 Be5 41. Ke2 Kc6 42. Kf3 Kxb7 43. Ke4 Bc7 44. Kd5 g5 45. Nf2 h5 46. Ke4 Kc6 47. Kf5 g4 48. hxg4 hxg4 49. Nxg4 Kd5 50. Nf2 Kc4 51. Nh3 Kxc3 52. Nxf4 Kd2 53. g4 Ke3 54. Ne6 Ba5 55. g5 Bc3 56. g6 Kf3 57. Ng5+ Kg3 58. Ne4+ 1-0

[Event "Late-Titled-Tuesday-Blitz-January-30-2024"]
[Site "Chess.com"]
[Date "2024.01.30"]
[Round "2"]
[White "ljm509"]
[Black "VitaliyChayka"]
[Result "0-1"]
[WhiteElo "2017"]
[BlackElo "2440"]
[TimeControl "180+1"]
[EndTime "14:18:02 PST"]
[Termination "VitaliyChayka won on time"]

1. e4 d6 2. d4 Nf6 3. Nc3 e5 4. Be3 Nbd7 5. f3 Be7 6. Qd2 c6 7. O-O-O O-O 8. Kb1 b5 9. dxe5 dxe5 10. g4 Nb6 11. Qf2 Qc7 12. Bc5 Be6 13. Bd3 Rfd8 14. a3 Nc4 15. Nge2 Qb7 16. g5 Bxc5 17. Qxc5 Nd7 18. Qf2 a5 19. Bxc4 Bxc4 20. b3 Be6 21.
f4 exf4 22. Nxf4 b4 23. axb4 axb4 24. Na4 Qb5 25. Nxe6 fxe6 26. Rd6 Ne5 27. Rhd1 Rxd6 28. Rxd6 Rf8 29. Qd2 Nc4 30. bxc4 Qxa4 31. Rd8 b3 32. Rxf8+ Kxf8 33. Qd8+ Kf7 34. Qd7+ Kf8 35. Qd8+ Kf7 36. Qd7+ Kg6 37. Qxe6+ Kxg5 38. Qf5+ Kh4 39. Qf4+ Kh5 40. Qf5+ Kh6 41. Qh3+ Kg6 42. Qg4+ Kf6 43. Qf5+ Ke7 44.
Qe5+ Kd7 45. Qxg7+ Kd6 0-1

[Event "Late-Titled-Tuesday-Blitz-January-30-2024"]
[Site "Chess.com"]
[Date "2024.01.30"]
[Round "2"]
[White "ScarpaChess"]
[Black "Siniauski"]
[Result "0-1"]
[WhiteElo "2352"]
[BlackElo "2612"]
[TimeControl "180+1"]
[EndTime "14:18:04 PST"]
[Termination "Siniauski won on time"]

1. e4 e6 2. d4 d5 3. Nc3 Nf6 4.
e5 Nfd7 5. f4 c5 6. Nf3 Nc6 7.
Be3 a6 8. Qd2 b5 9. a3 Qb6 10.
Ne2 a5 11. f5 exf5 12. Nf4 Qb7 13. dxc5 Bxc5 14. e6 fxe6 15. Nxe6 d4 16. Nxg7+ Kf7 17.
Bh6 Nde5 18. Ng5+ Ke7 19. O-O-O Ng4 20. Re1+ Nce5 21. Nf3 Ne3 22. Nxe5 Ra6 23. Nd3 Ba7 24. Bg5+ Kf7 25. Nh5 Qd5 26. Kb1 Be6 27. b3 Rc8 28. Nhf4 Qe4 29. Nf2 Qxc2+ 30. Qxc2 Rxc2 31. Nxe6 Rxf2 32. Nf4 Rc6 33. Bd3 Bb8 34. g3 Bxf4 35. Bxf4 Ng2 36.
Rhf1 Nxe1 37. Rxf2 Nxd3 38. Rd2 Rc3 39. Bg5 Rxb3+ 40.
Kc2 Rc3+ 41. Kd1 b4 42. axb4 axb4 43. Bd8 b3 44. Ba5 b2 0-1